 Dungeon Crawl Stone Soup version 0.29.1-12-g30fa7ad0bf (webtiles) character file.

Game seed: 14959431542959152555

181 Timisetechie the Chopper (level 5, -6/46 HPs)
             Began as a Hill Orc Fighter on Dec 17, 2022.
             Was an Initiate of Beogh.
             Mangled by Grinder (8 damage)
             ... on level 4 of the Dungeon.
             The game lasted 00:23:04 (4276 turns).

Timisetechie the Chopper (Hill Orc Fighter)         Turns: 4276, Time: 00:23:05

Health: -6/46      AC: 15    Str: 21    XL:     5   Next: 61%
Magic:  5/5        EV:  7    Int:  8    God:    Beogh [......]
Gold:   112        SH:  4    Dex: 10    Spells: 4/4 levels left

rFire   . . .      SeeInvis +   a - +0 war axe
rCold   . . .      Faith    .   c - +0 buckler
rNeg    . . .      Spirit   .   q - +1 chain mail
rPois   .          Reflect  .   (no helmet)
rElec   .          Harm     .   r - +0 cloak
rCorr   .          Rampage  .   (no gloves)
Will    .....                   (no boots)
Stlth   ..........              (no amulet)
HPRegen 0.15/turn               o - +4 ring of protection
MPRegen 0.09/turn               s - ring of see invisible

@: no status effects
A: passive freeze
a: Renounce Religion


You were on level 4 of the Dungeon.
You worshipped Beogh.
Beogh was noncommittal.
You visited 1 branch of the dungeon, and saw 4 of its levels.

You collected 112 gold pieces.

Inventory:

Hand Weapons
 a - a +0 war axe (weapon)
 h - a +2 dagger of venom
 n - a +4 quarterstaff
Missiles
 l - 3 javelins (quivered)
Armour
 c - a +0 buckler (worn)
 q - a +1 chain mail (worn)
 r - a +0 cloak (worn)
Jewellery
 o - a +4 ring of protection (left hand)
 s - a ring of see invisible (right hand)
Scrolls
 b - 2 scrolls of teleportation
 i - 3 scrolls of identify
 j - a scroll of immolation
 m - a scroll of blinking
Potions
 d - a potion of might
 e - 2 potions of flight
 f - 2 potions of lignification
 g - 4 potions of mutation
 k - a potion of heal wounds
 p - a potion of curing


   Skills:
 + Level 4.1 Fighting
 + Level 4.6 Axes
 + Level 0.3 Throwing
 + Level 4.4 Armour
 + Level 0.7 Dodging
 + Level 0.1 Stealth
 + Level 4.3 Shields


You had 4 spell levels left.
You didn't know any spells.
Your spell library contained the following spells:

 Spells                   Type           Power      Damage    Failure   Level
 Static Discharge         Conj/Air       0%         3-3/arc   100%        2
 Gell's Gravitas          Tloc           0%         N/A       100%        3
 Lesser Beckoning         Tloc           0%         N/A       100%        3
 Teleport Other           Tloc           0%         N/A       100%        3
 Lightning Bolt           Conj/Air       0%         1d11      100%        5
 Maxwell's Capacitive Co  Air            0%         ∞         100%        8


Dungeon Overview and Level Annotations

Branches:
Dungeon (4/15)
 Temple: D:4-7

Altars:

Shops:
D:2 *

Annotations:
D:4 Grinder


Innate Abilities, Weirdness & Mutations

A frigid envelope surrounds you and freezes all who hurt you.


Message History

Grinder is nearby!
Grinder says, "I used to sell toenails on the black market."
Grinder gestures at you.
You suddenly lose the ability to move!
Grinder gestures at you. You resist with significant effort.
You can move again.
Grinder is nearby!
Grinder says, "FISH!"
You barely miss Grinder.
Grinder is heavily wounded.
Grinder blinks!
Grinder blinks!
You start resting.
Grinder is nearby!
Grinder gestures at you.
You suddenly lose the ability to move!
Grinder gestures at you. Pain shoots through your body!
You can move again.
Grinder gestures at you.
You shrug off the repeated paralysis!
You hit Grinder.
Grinder is heavily wounded.
Grinder closely misses you.
Unknown command.
You hit Grinder.
Grinder is severely wounded.
Grinder gestures at you. Pain shoots through your body!
Unknown command.
You completely miss Grinder.
Grinder is severely wounded.
Grinder gestures at you. Pain shoots through your body!
* * * LOW HITPOINT WARNING * * *
You barely miss Grinder.
Grinder is severely wounded.
Grinder hits you!
You die...

#.#.# #.#.#
#.#.. #.### #.#
### #.# ... #.#
#.# #5####.##.
#.###@........
#.....###.##
#.####.# ... #.#
##.......<....#
...............
##...###.#######
#.. #.# #.. ...


You could see Grinder.

Vanquished Creatures
  An orc priest (D:3)
  A hound (D:4)
  An iguana (D:4)
  2 adders (D:2)
  3 gnolls (D:3)
  A worm (D:2)
  2 dart slugs
  6 orcs
  6 ball pythons
  6 endoplasms
  5 giant cockroaches
  7 kobolds
  A bat (D:3)
  5 frilled lizards
  5 goblins
  3 rats
55 creatures vanquished.

Vanquished Creatures (others)
  An orc priest (D:3)
  A dart slug (D:3)
  3 orcs (D:3)
  A ball python (D:3)
  5 fungi (D:1)
  4 plants (D:1)
15 creatures vanquished.

Grand Total: 70 creatures vanquished

Notes
Turn   | Place    | Note
-------+----------+-------------------------------------------
     0 | D:1      | Timisetechie the Hill Orc Fighter began the quest for the
                  | Orb.
     0 | D:1      | Reached XP level 1. HP: 19/19 MP: 1/1
  1328 | D:1      | Reached XP level 2. HP: 27/27 MP: 2/2
  1613 | D:1      | Gained mutation: A frigid envelope surrounds you and
                  | freezes all who hurt you. [potion of mutation]
  2174 | D:1      | Found a faded altar of an unknown god.
  2269 | D:2      | Found Zonueth's General Store.
  2341 | D:2      | Reached XP level 3. HP: 31/33 MP: 3/3
  3123 | D:3      | Reached XP level 4. HP: 40/40 MP: 4/4
  3140 | D:3      | Became a worshipper of Beogh the Brigand
  4038 | D:4      | Reached XP level 5. HP: 46/46 MP: 5/5
  4238 | D:4      | Noticed Grinder
  4254 | D:4      | Paralysed by Grinder for 4 turns
  4268 | D:4      | Paralysed by Grinder for 4 turns
  4275 | D:4      | HP: 2/46 [Grinder/nerve-wracking pain (13)]
  4276 | D:4      | Mangled by Grinder

Illustrated notes

Levels and vault maps discovered:
D:1:      amcnicky_arrival_feature_with_door, layout_loops_corners,
          dreamdust_ecumenical_altar_grove, nrook_campfire,
          chequers_serial_rivers_large_b, minmay_ruptured
D:2:      layout_loops_ring, serial_shops, shop
D:3:      layout_basic
D:4:      layout_loops_ring, chei_slow_surprise, minmay_temple_entry_grid,
          uniq_grinder

Skill      XL: |  1  2  3  4 |
---------------+-------------+-----
Axes           | 3 4 |  4.6
Shields        | 4 |  4.3
Armour         | 4 |  4.4
Fighting       | 4 |  4.1
Throwing       | |  0.3
Dodging        | |  0.7
Stealth        | |  0.1

Action                   |  1- 3 |  4- 6 || total
-------------------------+-------+-------++-------
Melee: War axe           |    77 |    36 ||   113
Throw: Javelin           |     3 |       ||     3
Invok: Convert to Beogh  |       |     1 ||     1
  Use: Potion            |     7 |     2 ||     9
       Scroll            |     5 |     3 ||     8
Armor: Scale mail        |    32 |       ||    32
       Chain mail        |       |    16 ||    16
Dodge: Dodged            |    27 |    24 ||    51
Block: Buckler           |    18 |    10 ||    28
